Map: [ESL] Hecate

Players

Bunny

  • Race: Terran Terran
  • Spawn Location: 1:00

Elazer - Winner!

  • Race: Zerg Zerg
  • Spawn Location: 7:00

Event: ESL SC2 Masters 2023 Winter (Finals)

VOD

Have the link to the VOD?

Description

Time

  • Played on: Dec. 15, 2023, 5:02 p.m.
  • Length: 13:33

All games in this series

Show
View Real Time Build Order
Export as new Build Order

Bunny Terran 

Build Orders: Reaper Expand 

Get SALT Encoding   

  12  0:00  SCV  
  13  0:12  SCV  
  14  0:17  Supply Depot  
  14  0:24  SCV  
  15  0:39  SCV  
  15  0:40  Barracks  
  16  0:42  Refinery  
  16  0:51  SCV  
  17  1:03  SCV  
  18  1:15  SCV  
  19  1:27  Orbital Command, Reaper  
  20  1:38  Command Center  
  20  1:45  Supply Depot  
  20  1:52  SCV  
  21  1:59  Barracks Reactor  
  21  2:04  Barracks, SCV  
  22  2:11  Barracks  
  22  2:16  SCV  
  23  2:28  SCV  
  24  2:35  Marine x2  
  26  2:40  SCV  
  27  2:50  Orbital Command  
  27  2:51  Barracks Tech Lab  
  27  2:53  Marine x2, SCV  
  30  2:59  Barracks Tech Lab  
  30  3:04  Refinery  
  30  3:05  SCV  
  31  3:09  Stimpack, Marine  
  31  3:11  Marine x2  
  34  3:15  SCV  
  34  3:17  Marine, SCV  
  37  3:24  Supply Depot  
  37  3:27  SCV, Marine  
  37  3:29  SCV, Marine x2  
  37  3:33  Combat Shield  
  42  3:35  Marine  
  42  3:39  SCV  
  45  3:41  SCV  
  45  3:45  Marine  
  45  3:47  Supply Depot, Marine x2  
  48  3:52  SCV  
  48  3:53  SCV, Marine  
  51  3:55  Factory  
  51  4:03  Marine  
  51  4:04  Marine x2  
  51  4:05  Supply Depot  
  51  4:09  SCV x2  
  56  4:11  Marine  
  56  4:13  Supply Depot  
  57  4:20  Marine  
  57  4:21  SCV x2  
  57  4:22  Marine x2  
  62  4:28  Marine  
  62  4:29  Supply Depot  
  62  4:30  Engineering Bay  
  63  4:33  SCV x2  
  65  4:38  Marine  
  65  4:40  Marine x2, Starport  
  65  4:42  Factory Reactor  
  68  4:46  SCV x2  
  68  4:47  Marine  
  71  4:54  Supply Depot  
  71  4:56  Marine  
  71  4:58  Marine  
  71  4:59  SCV x2  
  75  5:00  Terran Infantry Weapons Level 1  
  75  5:08  Marine  
  75  5:09  Marine  
  72  5:18  SCV x2  
  72  5:19  Command Center  
  72  5:21  Refinery  
  67  5:22  Marine  
  67  5:26  Marine x2  
  67  5:27  Medivac x2  
  73  5:35  Marine  
  73  5:37  Refinery  
  73  5:38  SCV  
  73  5:40  Siege Tank, Marine  
  79  5:44  Marine  
  79  5:49  Barracks  
  80  5:52  Barracks  
  80  5:57  Medivac  
  82  5:59  Marine x2  
  82  6:01  Barracks Reactor  
  82  6:02  Marine  
  82  6:04  SCV x2  
  87  6:07  Supply Depot  
  87  6:16  Siege Tank  
  87  6:18  Marine x2  
  90  6:20  Marine  
  85  6:36  Marine x2  
  85  6:37  Marine  
  83  6:41  Barracks Reactor x2, Marine x2  
  83  6:47  SCV x2  
  87  6:48  Siege Tank  
  87  6:49  Supply Depot  
  87  6:54  Terran Infantry Armor Level 1, Marine x2  
  91  6:55  Marine  
  91  6:59  Marine, SCV x2  
  91  7:01  Medivac  
  98  7:04  Marine  
  98  7:05  Barracks  
  98  7:06  Barracks  
  98  7:07  Barracks  
  99  7:08  Orbital Command  
  99  7:11  Marine  
  99  7:12  Marine  
  99  7:13  Marine  
  102  7:17  Marine  
  102  7:21  Marine  
  102  7:22  Marine x3  
  107  7:28  Medivac  
  107  7:29  Marine x2  
  106  7:31  Marine x2  
  106  7:34  Siege Tank, Marine  
  112  7:39  Marine x3  
  112  7:40  SCV x3  
  112  7:42  Liberator  
  115  7:45  Marine  
  115  7:47  Marine  
  113  7:56  Marine x4  
  113  7:57  Marine x3  
  114  8:04  Marine  
  114  8:05  Marine  
  102  8:08  Siege Tank  
  102  8:09  Liberator  
  102  8:11  SCV x2  
  108  8:14  SCV, Marine x3  
  108  8:17  Marine x4  
  116  8:22  Marine x2  
  116  8:23  Marine x3  
  121  8:30  Medivac  
  121  8:31  Marine  
  124  8:38  Marine  
  125  8:43  Supply Depot  
  125  8:44  Marine x6  
  125  8:45  Supply Depot  
  125  8:46  Supply Depot  
  125  8:48  Marine x2  
  131  8:49  Siege Tank, Marine x3  
  131  8:54  Medivac  
  141  9:01  Marine  
  140  9:03  Marine  
  140  9:04  Marine x5  
  140  9:06  Marine x2  
  140  9:07  Marine x3  
  140  9:09  Medivac, Supply Depot  
  153  9:19  Marine  
  153  9:21  Siege Tank, Marine  
  153  9:22  Marine x5  
  163  9:27  Marine  
  163  9:28  Marine  
  163  9:30  Marine x3  
  168  9:36  Marine  
  169  9:38  Supply Depot  
  169  9:39  Supply Depot  
  169  9:40  Medivac, Supply Depot  
  162  9:47  Marine  
  162  9:48  Marine x9  
  172  9:57  Marine  
  173  10:00  Marine  
  173  10:05  Marine x2  
  173  10:06  Marine x6  
  182  10:09  Medivac  
  183  10:19  Siege Tank  
  185  10:25  Marine  
  185  10:26  Marine  
  187  10:34  Marine x6  
  192  10:37  Medivac  
  192  10:39  Engineering Bay  
  192  10:40  Armory  
  192  10:41  Supply Depot  
  193  10:51  Siege Tank  
  193  10:57  Marine x5  
  193  11:00  Marine x2  
  193  11:01  Marine x3  
  193  11:02  Marine x2  
  199  11:15  Marine  
  200  11:29  Command Center  
  200  11:38  Medivac  
  130  11:49  Marine x5  
  130  11:50  Marine x6  
  130  11:52  Marine  
  130  11:54  Siege Tank  
  126  12:07  Marine x11  
  135  12:10  Marine  
  136  12:16  Liberator x2  
  141  12:25  Marine x11  
  141  12:26  Siege Tank  
  141  12:28  Marine  
  150  12:43  Marine x10  
  124  12:54  Marine x2  
  124  12:58  Siege Tank  
  127  12:59  Medivac x2  
  127  13:00  Marine  
  127  13:01  Marine x3  
  135  13:07  Marine x6  
  135  13:11  Marine  
  135  13:12  Marine  
Show
View Real Time Build Order
Export as new Build Order

Elazer Zerg - Winner!

Build Orders: Hatch First 

Get SALT Encoding   

  12  0:00  Drone  
  13  0:12  Overlord  
  13  0:16  Drone  
  14  0:30  Drone x2  
  16  0:46  Hatchery  
  15  0:50  Drone  
  15  0:54  Drone  
  17  0:57  Drone  
  18  1:08  Extractor  
  17  1:12  Spawning Pool  
  17  1:15  Drone  
  17  1:18  Drone  
  18  1:28  Drone  
  19  1:39  Drone  
  20  1:49  Drone  
  21  1:58  Queen x2  
  21  1:59  Zergling x2  
  21  2:00  Zergling x2  
  27  2:10  Drone  
  27  2:11  Overlord  
  27  2:12  Metabolic Boost  
  28  2:27  Hatchery  
  28  2:29  Drone  
  28  2:32  Drone  
  29  2:39  Drone  
  29  2:40  Queen  
  33  2:44  Drone  
  33  2:47  Overlord  
  33  2:51  Drone  
  34  2:54  Drone  
  34  2:55  Drone  
  36  3:05  Overlord  
  36  3:08  Drone x4  
  40  3:16  Queen  
  40  3:19  Queen  
  44  3:28  Drone x2  
  44  3:29  Zergling x4  
  48  3:36  Drone  
  48  3:37  Overlord  
  48  3:40  Drone x3  
  52  3:49  Overlord  
  52  3:50  Drone x4  
  52  3:52  Queen  
  52  3:55  Queen  
  58  4:01  Overlord  
  60  4:05  Drone x2  
  62  4:10  Overlord  
  62  4:11  Drone x4  
  62  4:16  Spine Crawler  
  65  4:18  Zergling x2, Spine Crawler  
  65  4:22  Zergling x2  
  65  4:23  Zergling x2  
  65  4:24  Zergling x2  
  68  4:26  Zergling x2  
  68  4:27  Zergling x4  
  71  4:32  Queen  
  71  4:33  Queen  
  71  4:38  Queen  
  75  4:39  Zergling x2  
  75  4:40  Zergling x2  
  75  4:43  Zergling x4  
  81  4:48  Drone  
  83  4:53  Overlord x2  
  83  5:00  Overlord  
  83  5:12  Drone x8  
  85  5:19  Drone x3  
  84  5:27  Lair  
  84  5:28  Extractor x2, Queen x2  
  83  5:34  Zergling x6, Evolution Chamber  
  83  5:35  Evolution Chamber  
  87  5:41  Zergling x6  
  90  5:46  Baneling Nest, Hatchery  
  90  5:47  Hatchery  
  90  5:48  Overlord  
  87  5:54  Zergling x4  
  89  5:58  Drone x7, Extractor  
  89  6:00  Drone x3, Zerg Ground Armor Level 1  
  98  6:05  Zerg Melee Weapons Level 1  
  98  6:08  Drone  
  99  6:16  Drone x3  
  102  6:20  Drone  
  102  6:32  Zergling x18  
  104  6:34  Hatchery  
  104  6:37  Zergling x8  
  104  6:44  Centrifugal Hooks  
  104  6:45  Pneumatized Carapace  
  104  6:47  Burrow, Overlord  
  104  6:57  Zergling x8  
  108  7:02  Zergling x10  
  108  7:06  Zergling x2  
  114  7:11  Zergling x16  
  121  7:19  Zergling x2  
  122  7:25  Zergling x6  
  122  7:26  Queen x2  
  122  7:28  Queen  
  127  7:31  Zergling x2  
  127  7:33  Baneling x7  
  127  7:37  Overlord  
  120  7:45  Spore Crawler, Hatchery  
  120  7:49  Zergling x2  
  120  7:50  Zergling x10  
  121  7:58  Zergling x12  
  121  8:02  Zergling x8  
  121  8:03  Zerg Melee Weapons Level 2, Zerg Ground Armor Level 2  
  132  8:06  Hatchery  
  132  8:09  Zergling x2  
  132  8:10  Zergling x6  
  133  8:15  Baneling x4  
  133  8:17  Zergling x6  
  136  8:22  Overlord  
  126  8:29  Baneling x12  
  126  8:31  Zergling x2  
  126  8:32  Zergling x10  
  130  8:38  Zergling x2  
  130  8:39  Zergling x20  
  139  8:43  Drone x2  
  139  8:47  Hydralisk Den  
  140  8:49  Extractor  
  140  8:52  Drone x5  
  143  9:08  Drone x8  
  151  9:16  Zergling x8  
  155  9:20  Grooved Spines  
  155  9:23  Zergling x12  
  161  9:33  Infestation Pit, Overlord  
  161  9:34  Overlord x2  
  160  9:43  Zergling x8  
  151  9:46  Zergling x4  
  151  9:48  Baneling x15  
  151  9:50  Overlord x2  
  151  9:52  Hydralisk x10  
  173  10:05  Zergling x12, Hatchery  
  178  10:07  Overlord  
  178  10:10  Muscular Augments  
  176  10:19  Zergling x30  
  182  10:21  Zerg Missile Weapons Level 1  
  182  10:31  Zergling x14  
  186  10:49  Zergling x10  
  187  10:51  Overlord x2  
  184  11:03  Zergling x2  
  184  11:04  Zergling x32  
  188  11:06  Baneling x16  
  188  11:09  Zergling x14  
  195  11:16  Baneling x10  
  193  11:24  Hydralisk  
  193  11:25  Hydralisk x4  
  125  11:47  Zergling x32  
  125  11:52  Hydralisk x2  
  125  11:54  Zergling x6  
  138  12:03  Hydralisk x6  
  148  12:12  Baneling x14  
  148  12:13  Zergling x2  
  148  12:14  Zergling x10  
  154  12:18  Baneling  
  154  12:19  Zergling x4, Baneling x2  
  156  12:27  Zergling x2  
  156  12:28  Zergling x12  
  161  12:33  Zergling x8  
  161  12:41  Baneling x9  
  157  12:46  Zergling x26  
  157  12:50  Baneling x2  
  156  12:55  Zergling x14  
  163  13:00  Baneling x9  
  163  13:12  Zergling x26  
Tags
 
Add a new tag
Caveats
  • Supply blocks, unpowered buildings, or Contaminate may cause inaccurate times.
  • Supply counts are checked every 10 seconds.